 Dungeon Crawl Stone Soup version 0.30.1-11-g7821555f0a (webtiles) character file.

Game seed: 7437256421871294320

134 KittyFluff the Cudgeller (level 5, -1/33 HPs)
             Began as a Gargoyle Berserker on Nov 1, 2023.
             Was a Believer of Trog.
             Slain by an orc
             ... wielding a +0 dagger
              (2 damage)
             ... on level 3 of the Dungeon.
             The game lasted 00:05:51 (1601 turns).

KittyFluff the Cudgeller (Gargoyle Berserker)       Turns: 1601, Time: 00:05:52

Health: -1/33      AC:  7    Str: 23    XL:     5   Next: 17%
Magic:  5/5        EV: 12    Int:  7    God:    Trog [**....]
Gold:   50         SH:  0    Dex: 15    Spells: 4/4 levels left

rFire   . . .        a - +0 mace
rCold   + . .        (no shield)
rNeg    + . .        q - +0 leather armour
rPois   ∞            (no helmet)
rElec   +            (no cloak)
rCorr   .            (no gloves)
SInv    .            (no boots)
Will    .....        d - amulet of the acrobat
Stlth   +            f - +6 ring of dexterity
HPRegen 0.25/turn    k - ring of protection from cold
MPRegen 0.09/turn

%: acrobat
@: no status effects
A: sickness immunity, AC +4, negative energy resistance 1, electricity
resistance, torment resistance 1, petrification resistance
a: Renounce Religion, Berserk, Trog's Hand


You were on level 3 of the Dungeon.
You worshipped Trog.
Trog was pleased with you.
You visited 1 branch of the dungeon, and saw 3 of its levels.

You collected 50 gold pieces.

Inventory:

Hand Weapons
 a - a +0 mace (weapon)
Missiles
 h - 2 javelins (quivered)
Armour
 q - a +0 leather armour (worn)
Jewellery
 d - an amulet of the acrobat (around neck)
 f - a +6 ring of dexterity (left hand)
 k - a ring of protection from cold (right hand)
Scrolls
 i - a scroll of fog {unknown}
 j - a scroll of torment {unknown}
 l - a scroll of magic mapping {unknown}
 m - a scroll of noise {unknown}
 n - a scroll of identify {unknown}
 p - 2 scrolls of teleportation {unknown}
Potions
 c - a potion of berserk rage {unknown}
 e - a potion of mutation {unknown}
 g - a potion of curing {unknown}
 o - 2 potions of degeneration {unknown}


   Skills:
 + Level 3.9 Fighting
 * Level 4.0 Maces & Flails
 * Level 3.7 Armour
 + Level 2.2 Dodging


You had 4 spell levels left.
You didn't know any spells.
Your spell library was empty.

Dungeon Overview and Level Annotations

Branches:
Dungeon (3/15)

Altars:


Innate Abilities, Weirdness & Mutations

You are immune to sickness and miasma.
Your stone body is resilient. (AC +4)
You are immune to poison.
You resist negative energy. (rN+)
You are resistant to electric shocks. (rElec)
You are resistant to unholy torment.
You are immune to petrification.


Message History

* * * LOW HITPOINT WARNING * * *
The orc priest hits you but does no damage.
You sock the orc wizard!
The orc wizard is heavily wounded.
The orc wizard mumbles some strange words.
The orc wizard flickers and vanishes!
Deactivating autopickup; reactivate with Ctrl-A.
The orc priest barely misses you.
The rat twitches its whiskers.
The orc priest misses you. Something hits you but does no damage.
You hit the orc priest but do no damage.
The orc priest hits you but does no damage.
Something barely misses you.
You barely miss the orc priest. Something hits you but does no damage.
The orc priest closely misses you.
You hit the orc priest.
The orc priest is moderately wounded.
You hear some strange, mumbled words.
Something tries to affect you, but you resist.
The orc priest barely misses you.
You hit the orc priest.
The orc priest is severely wounded.
Something hits you but does no damage. The orc priest closely misses you.
You sock the orc priest!
You kill the orc priest!
Trog accepts your kill. Something hits you but does no damage.
The rat bites you but does no damage. Something hits you but does no damage.
Your Maces & Flails skill increases to level 4!
You have reached level 5!
You barely miss the rat. The rat barely misses you. Something hits you.
* * * LOW HITPOINT WARNING * * *
You hit the rat.
You kill the rat!
Trog accepts your kill. Something hits you but does no damage.
You barely miss the orc. The orc closely misses you. Something hits you.
* * * LOW HITPOINT WARNING * * *
You hit the orc but do no damage. The orc hits you with a +0 dagger.
You die...

#. ....
#. ....
#. $..
##.##..
.......
.....#
#o##.#
##o##.#
#@{##.# #
#†###.#
#.#.###.#
#......<#
#.#.#####
##.## #.
#. #.


You could see 2 orcs.

Vanquished Creatures
  An orc priest (D:3)
  Jessica (D:2)
  A gnoll (D:1)
  3 adders (D:2)
  A worm (D:2)
  2 dart slugs
  7 ball pythons
  2 bats (D:1)
  2 endoplasms
  3 giant cockroaches (D:1)
  3 goblins (D:1)
  3 hobgoblins (D:1)
  5 kobolds
  3 frilled lizards
  3 rats
40 creatures vanquished.

Notes
Turn   | Place    | Note
-------+----------+-------------------------------------------
     0 | D:1      | KittyFluff the Gargoyle Berserker began the quest for the
                  | Orb.
     0 | D:1      | Reached XP level 1. HP: 14/14 MP: 1/1
   253 | D:1      | Reached XP level 2. HP: 19/19 MP: 2/2
   505 | D:1      | Reached XP level 3. HP: 16/23 MP: 3/3
  1096 | D:2      | Reached ** piety under Trog
  1097 | D:2      | Reached XP level 4. HP: 28/29 MP: 4/4
  1333 | D:2      | Noticed Jessica
  1340 | D:2      | Killed Jessica
  1598 | D:3      | Reached skill level 4 in Maces & Flails
  1598 | D:3      | Reached XP level 5. HP: 7/33 MP: 5/5
  1600 | D:3      | HP: 1/33 [something (4)]
  1601 | D:3      | Slain by an orc

Illustrated notes

Levels and vault maps discovered:
D:1:      amcnicky_arrival_underground_garden, layout_basic
D:2:      layout_loops_ring, bh_walls_and_bars, uniq_jessica
D:3:      layout_loops_cross

Skill      XL: |  1  2  3  4 |
---------------+-------------+-----
Armour         | 3 |  3.7
Dodging        | 2 |  2.2
Maces & Flails | 4 |  4.0
Fighting       | |  3.9

Action                     |  1- 3 |  4- 6 || total
---------------------------+-------+-------++-------
  Melee: Mace              |    98 |    37 ||   135
   Stab: Sleeping          |     2 |       ||     2
 Armour: Animal skin       |    27 |       ||    27
         Leather armour    |       |    21 ||    21
  Dodge: Dodged            |    81 |    28 ||   109
